 Dungeon Crawl Stone Soup version 0.27-a0-333-gfa571bf19a (webtiles) character file.

Game seed: 2498498857905283604

306127 dickylongcocking the Alchemist (level 20, -4/131 HPs)
             Began as a Spriggan Venom Mage on Feb 11, 2021.
             Was the Champion of Makhleb.
             Slain by an azure jelly (23 damage)
             ... created by the Royal Jelly
             ... on level 4 of the Pits of Slime on Feb 12, 2021.
             The game lasted 01:42:25 (59312 turns).

dickylongcocking the Alchemist (SpVM)              Turns: 59312, Time: 01:42:26

Health: -4/131     AC: 30    Str: 10    XL:     20   Next: 30%
Magic:  18/35      EV: 32    Int: 30    God:    Makhleb [******]
Gold:   2401       SH:  0    Dex: 19    Spells: 8/39 levels left

rFire    . . .     SeeInvis +   P - +8 arc blade {discharge, rElec}
rCold    . . .     Faith    +   (shield restricted)
rNeg     + . .     Spirit   .   (armour currently unavailable)
rPois    ∞         Reflect  .   B - +2 hat {Stlth+}
rElec    +         Harm     .   l - +2 cloak {rCorr}
rCorr    +         Rampage  .   (gloves unavailable)
Will     +++..                  (boots unavailable)
Stlth    ++++......             U - amulet "Viamp" {Faith rElec Slay+3}
HPRegen  0.31/turn              Q - +4 ring of slaying
MPRegen  0.24/turn              e - ring of Vicyex {Str+6 Int+8}

@: statue-form, corroded, very slightly contaminated, very slow
A: very small, unfitting armour, see invisible
}: 2/15 runes: barnacled, gossamer
a: End Transformation, Renounce Religion, Minor Destruction, Lesser Servant of
Makhleb, Major Destruction, Greater Servant of Makhleb


You were on level 4 of the Pits of Slime.
You worshipped Makhleb.
Makhleb was exalted by your worship.
You were a stone statue.
You visited 8 branches of the dungeon, and saw 40 of its levels.
You visited the Abyss 1 time.
You also visited: Ice Cave.

You collected 4500 gold pieces.
You spent 2099 gold pieces at shops.

Inventory:

Hand Weapons
 p - the +4 quarterstaff "Opsiuxil" {pain, rElec}
   (You found it on level 3 of the Elven Halls)

   In the hands of one skilled in necromantic magic, it inflicts extra damage on
   living creatures.
   It insulates you from electricity.
 A - a +7 lajatang of venom
 P - the +8 arc blade (weapon) {discharge, rElec}
   (You found it on level 3 of the Elven Halls)

   It insulates you from electricity.
Armour
 l - a +2 cloak of preservation (worn)
 z - the +1 robe of Words of Power (melded) {rF++ rCorr SInv}
   (You found it on level 3 of the Elven Halls)

   It greatly protects you from fire.
   It lets you see invisible.
   It provides partial protection from all sources of acid and corrosion.
 B - a +2 hat of stealth (worn)
 C - a +2 robe of resistance
Magical Staves
 N - a staff of poison
Jewellery
 e - the ring of Vicyex (right hand) {Str+6 Int+8}
   (You acquired it on level 14 of the Dungeon)

   [ring of strength]

   It affects your strength (+6).
   It affects your intelligence (+8).
 g - a ring of protection from fire
 j - a ring of wizardry
 k - a ring of protection from cold
 w - the ring of the Present {*Drain rElec rC+ Int+8 SInv}
   (You found it on level 3 of the Elven Halls)

   [ring of protection from cold]

   It affects your intelligence (+8).
   It protects you from cold.
   It insulates you from electricity.
   It lets you see invisible.
   It causes draining when unequipped.
 y - a ring of protection from fire
 E - an amulet of regeneration
 G - a +4 ring of slaying
 O - an amulet of guardian spirit
 Q - a +4 ring of slaying (left hand)
 U - the amulet "Viamp" (around neck) {Faith rElec Slay+3}
   (You found it on level 3 of the Elven Halls)

   [amulet of faith]

   It allows you to gain divine favour quickly.
   It affects your accuracy and damage with ranged weapons and melee attacks
   (+3).
   It insulates you from electricity.
 V - the ring "Saselus" {*Contam rElec rF++ rN+ Str+4}
   (You found it on level 3 of the Elven Halls)

   [ring of positive energy]

   It affects your strength (+4).
   It greatly protects you from fire.
   It insulates you from electricity.
   It protects you from negative energy.
   It causes magical contamination when unequipped.
 W - a +4 ring of protection
 X - a ring of willpower
Wands
 a - a wand of acid (8)
 f - a wand of digging (9)
 v - a wand of paralysis (6)
 R - a wand of mindburst (54)
 T - a wand of iceblast (8)
Scrolls
 d - 2 scrolls of fear
 i - 2 scrolls of fog
 r - 3 scrolls of silence
 s - 9 scrolls of teleportation
 x - 2 scrolls of identify
 K - a scroll of blinking
 M - 4 scrolls of amnesia
 S - 2 scrolls of magic mapping
 Y - a scroll of vulnerability
Potions
 b - 9 potions of haste
 c - a potion of brilliance
 n - a potion of might
 o - a potion of invisibility
 t - 10 potions of curing
 D - 3 potions of cancellation
 F - a potion of ambrosia
 J - 2 potions of mutation
 Z - 3 potions of resistance
Miscellaneous
 h - a phantom mirror (inert)
 u - a lightning rod (4/4)
 I - a box of beasts (inert)


   Skills:
 - Level 9.5 Fighting
 * Level 5.9 Short Blades
 - Level 2.2 Staves
 - Level 3.0 Armour
 - Level 14.1 Dodging
 - Level 8.4 Stealth
 - Level 10.3 Spellcasting
 * Level 10.6 Conjurations
 * Level 16.4 Hexes
 * Level 20.8 Transmutations
 - Level 3.5 Fire Magic
 - Level 3.0 Air Magic
 - Level 10.0 Earth Magic
 - Level 9.3 Poison Magic
 - Level 10.0 Invocations
 * Level 12.0 Evocations


You had 8 spell levels left.
You knew the following spells:

 Your Spells              Type           Power        Failure   Level
a - Sting                 Tmut/Pois      100%         0%          1
b - Apportation           Tloc           30%          3%          1
d - Olgreb's Toxic Radia  Pois           64%          1%          4
e - Invisibility          Hex            85%          1%          6
i - Ignite Poison         Fire/Tmut/Pois 70%          1%          3
p - Poisonous Vapours     Pois/Air       100%         1%          2
r - Irradiate             Conj/Tmut      41%          1%          5
x - Mephitic Cloud        Conj/Pois/Air  57%          1%          3
z - Statue Form           Tmut/Erth      54%          1%          6

Your spell library contained the following spells:

 Spells                   Type           Power        Failure   Level
 Corona                   Hex            94%          0%          1
 Slow                     Hex            85%          0%          2
 Confusing Touch          Hex            85%          0%          3
 Tukima's Dance           Hex            85%          0%          3
 Foxfire                  Conj/Fire      100%         1%          1
 Magic Dart               Conj           100%         1%          1
 Shock                    Conj/Air       100%         1%          1
 Conjure Flame            Conj/Fire      55%          1%          3
 Inner Flame              Hex/Fire       66%          1%          3
 Static Discharge         Conj/Air       54%          1%          3
 Stone Arrow              Conj/Erth      100%         1%          3
 Summon Guardian Golem    Hex/Summ       60%          1%          3
 Petrify                  Tmut/Erth      82%          1%          4
 Sticky Flame             Conj/Fire      55%          1%          4
 Alistair's Intoxication  Tmut/Pois      54%          1%          5
 Yara's Violent Unravell  Hex/Tmut       45%          1%          5
 Eringya's Noxious Bog    Tmut/Pois      41%          1%          6
 Hydra Form               Tmut           48%          1%          6
 Dragon Form              Tmut           48%          1%          7
 Corpse Rot               Necr/Air       N/A          2%          2
 Animate Skeleton         Necr           30%          3%          1
 Freeze                   Ice            60%          3%          1
 Summon Small Mammal      Summ           60%          3%          1
 Hailstorm                Conj/Ice       47%          3%          4
 Metabolic Englaciation   Hex/Ice        30%          3%          5
 Blink                    Tloc           N/A          4%          2
 Call Imp                 Summ           15%          4%          2
 Fireball                 Conj/Fire      27%          5%          5
 Lightning Bolt           Conj/Air       27%          6%          5
 Call Canine Familiar     Summ           15%          10%         3
 Frozen Ramparts          Ice            30%          10%         3
 Gell's Gravitas          Tloc           7%           10%         3
 Lesser Beckoning         Tloc           7%           10%         3
 Ozocubu's Armour         Ice            15%          10%         3
 Summon Lightning Spire   Summ/Air       24%          19%         4
 Summon Ice Beast         Ice/Summ       15%          32%         4
 Conjure Ball Lightning   Conj/Air       27%          32%         6
 Summon Forest            Summ/Tloc      7%           67%         5
 Summon Hydra             Summ           7%           100%        7


Dungeon Overview and Level Annotations

Branches:
Dungeon (15/15)            Temple (1/1) D:5            Lair (6/6) D:8
 Shoals (4/4) Lair:4       Spider (4/4) Lair:2        Slime (5/5) Lair:6
    Orc (2/2) D:12            Elf (3/3) Orc:2        Vaults (0/5) D:14
 Depths (0/5) D:15          IceCv (visited)

Altars:
Ashenzari
Cheibriados
Dithmenos
Elyvilon
Fedhas
Gozag
Hepliaklqana
Kikubaaqudgha
Makhleb
Nemelex Xobeh
Okawaru
Qazlal
Ru
Sif Muna
Trog
Uskayaw
Vehumet
Wu Jian
Xom
Yredelemnul
Zin
The Shining One
Beogh
Jiyva

Shops:
D:7 *   D:8 *   D:9 [   D:10 [   Orc:2 :*[*   Elf:2 *   Elf:3 (

Annotations:
Shoals:1 Zonian's ghost, adept DsAK
Slime:5 Royal Jelly
Orc:2 2 runed translucent doors, exclusion: orange crystal statue


Innate Abilities, Weirdness & Mutations

You are very small and have problems with some larger weapons.
You are too small for most types of armour.
You have supernaturally acute eyesight. (SInv)
((You cover ground extremely quickly.))


Message History

Unknown command.
The azure jelly completely misses you. x2; The azure jelly misses you.
The azure jelly completely misses you. The acid blob completely misses you.
The Royal Jelly completely misses you. x2
The azure jelly completely misses you. The azure jelly barely misses you.
The azure jelly closely misses you. The azure jelly completely misses you.
The acid blob spits acid at you. The splash of acid hits you. You resist.
* * * LOW HITPOINT WARNING * * *
You are splashed with acid.
You resist.
* * * LOW HITPOINT WARNING * * *
The slime creature misses you.
You climb upwards.
There is a stone staircase leading down here.
Unknown command.
Unknown command.
Casting: Irradiate (safe; 1% risk of failure)
Confirm with . or Enter, or press ? or * to list all spells.
You erupt in a fountain of uncontrolled magic!
The large slime creature is blasted with magical radiation!!!
The large slime creature is severely wounded.
The large slime creature twists and deforms.
The azure jelly is blasted with magical radiation!!
The azure jelly is moderately wounded.
The azure jelly twists and deforms.
The azure jelly is blasted with magical radiation!!!
You kill the azure jelly!
That felt strangely unrewarding.
The acid blob is blasted with magical radiation!!
The acid blob is heavily wounded.
The acid blob twists and deforms.
The acid blob spits acid at you. The splash of acid hits you! You resist.
* * * LOW HITPOINT WARNING * * *
You are splashed with acid.
You resist.
* * * LOW HITPOINT WARNING * * *
The azure jelly hits you.
* * * LOW HITPOINT WARNING * * *
The azure jelly freezes you!!
You die...

.....#.........#.#.
..............#.....
...#...........#....
............#.#....#
.............#.#....
.#..........#.......
#...................
#.#..J....<....<...
#...J8J.........##
##.#............#
###...........## #
#............#
#...#........#.##
##.##.......#.##
#....#.........#
##.........##.##
###.......###.##


You could see an acid blob (misshapen), an azure jelly (misshapen) and a large
slime creature (misshapen).

Vanquished Creatures
  Bai Suzhen (Shoals:3)
  Saint Roka (Elf:2)
  Nikola (Shoals:3)
  A profane servitor (Abyss:3)
  Arachne (Spider:3)
  Rupert (Lair:3)
  2 deep elf master archers (Elf:3)
  Asterion (Elf:3)
  3 deep elf blademasters
  7 acid blobs
  Gastronok (Lair:1)
  A kraken (Shoals:2)
  Agnes (Elf:2)
  Ilsuiw (Shoals:2)
  4 deep elf sorcerers (Elf:3)
  An azure jelly (Slime:4)
  A frost giant (IceCv)
  2 orc warlords (Orc:2)
  3 ghost moths
  4 emperor scorpions (Spider:4)
  4 deep elf elementalists (Elf:3)
  A juggernaut zombie (D:15)
  A very ugly thing (Abyss:3)
  4 deep elf demonologists
  Nessos (D:13)
  9 deep elf annihilators
  3 entropy weavers
  2 spark wasps
  Azrael (Elf:2)
  5 deep elf death magi (Elf:3)
  An ettin (Orc:2)
  11 merfolk impalers
  9 merfolk javelineers
  3 death oozes
  Josephine (D:15)
  A great orb of eyes (Slime:5)
  2 deep elf high priests (Elf:3)
  A naga warrior (Abyss:3)
  Harold (Orc:1)
  Erolcha (D:12)
  4 hydras
  2 ogre magi
  3 boulder beetles
  2 catoblepae
  8 two-headed ogres
  2 merfolk avatars (Shoals:4)
  3 merfolk aquamancers
  A death knight (D:14)
  3 satyrs
  A vampire mage (D:15)
  A queen ant (Spider:4)
  3 centaur warriors (D:15)
  2 tengu warriors
  A death yak (IceCv)
  2 thrashing horrors (Abyss:3)
  31 dancing weapons
  6 orc high priests
  12 deep elf knights
  Sonja (D:12)
  A spatial maelstrom (Abyss:3)
  A shadow wraith (D:14)
  3 skeletal warriors
  3 unseen horrors
  7 sea snakes
  7 deep elf archers
  A lindwurm (Lair:6)
  11 harpies
  A necromancer (D:15)
  5 orc knights (Orc:2)
  A fire giant zombie (D:15)
  37 deep elf pyromancers
  19 deep elf zephyrmancers
  5 cyclopes
  21 wolf spiders
  4 ugly things (D:15)
  An oklob plant (Lair:3)
  9 orb spiders
  10 manticores
  3 moths of wrath
  9 elephants
  A large abomination (Abyss:3)
  19 fauns
  6 water nymphs
  A rust devil (Abyss:3)
  An ice statue (IceCv)
  20 merfolk sirens
  11 cane toads
  A naga mage (Abyss:3)
  3 torpor snails
  A torpor snail (shapeshifter) (D:14)
  5 black mambas
  2 smoke demons (Abyss:3)
  10 demonic crawlers
  A yaktaur (shapeshifter) (Elf:1)
  2 kobold demonologists (D:15)
  4 rime drakes
  3 freezing wraiths (D:14)
  3 centaur skeletons
  12 komodo dragons
  4 harpy zombies (Shoals:4)
  An ancient zyme (Abyss:3)
  A tengu conjurer (D:15)
  40 jumping spiders
  4 red devils (D:15)
  18 polar bears
  A troll (shapeshifter) (D:14)
  43 merfolk
  4 trolls
  An ettin zombie (D:15)
  4 wind drakes
  34 slime creatures
  9 hornets
  A deep troll zombie (D:15)
  6 snapping turtles
  15 blink frogs
  15 dream sheep
  A spriggan (Lair:1)
  6 air elementals
  7 raiju (Abyss:3)
  83 redbacks
  9 water elementals
  23 tarantellas
  3 wyverns
  A ynoxinul (Abyss:3)
  5 wraiths
  44 yaks
  6 fire elementals
  3 basilisks
  2 vampire mosquitoes
  A steam dragon (D:8)
  An acid dragon (D:15)
  9 wargs
  A naga (Abyss:3)
  18 water moccasins
  10 soldier ants (Spider:4)
  3 hell hounds (Elf:2)
  A floating eye (Slime:4)
  54 orc warriors
  A sky beast (D:6)
  A hornet zombie (D:15)
  2 black bears
  4 ice beasts
  14 ogres
  18 centaurs
  26 wolves
  2 phantoms
  A small abomination (Abyss:3)
  2 kobold brigands
  18 bullfrogs
  2 earth elementals (Elf:3)
  A wyvern zombie (D:7)
  A hornet simulacrum (D:15)
  3 scorpions
  A wyvern skeleton (D:12)
  3 killer bees (D:9)
  6 wights
  An electric eel (Spider:4)
  3 bullfrog zombies (D:10)
  2 centaur zombies
  4 howler monkeys
  6 jellies
  A quasit (Abyss:3)
  12 starcursed masses (Abyss:3)
  4 hounds
  38 orc priests
  A bullfrog skeleton (D:6)
  A gnoll shaman (D:6)
  2 iguanas
  4 hell rats (Lair:4)
  16 orc wizards
  27 worker ants
  2 hound zombies
  13 adders
  29 gnolls
  A shadow imp (D:10)
  5 white imps
  4 ufetubi
  An adder zombie (D:8)
  An adder skeleton (D:3)
  4 worms (D:2)
  4 dart slugs
  5 leopard geckos
  110 orcs
  A bat zombie (Shoals:4)
  7 giant cockroaches
  30 goblins
  21 hobgoblins
  14 jackals
  16 kobolds
  5 quokkas
  3 ball pythons
  4 bats
  5 frilled lizards
  A leopard gecko zombie (D:8)
  7 rats
  3 tentacles (Shoals:2)
1469 creatures vanquished.

Vanquished Creatures (collateral kills)
  An acid blob (Slime:5)
  A ghost moth (Spider:4)
  A merfolk javelineer (Shoals:2)
  A death ooze (Slime:5)
  A merfolk aquamancer (Shoals:2)
  A thrashing horror (Abyss:3)
  2 orc knights (Orc:2)
  A guardian serpent (Abyss:3)
  A cane toad (Lair:6)
  A slime creature (D:13)
  3 water elementals
  2 nagas (Abyss:3)
  2 wargs (Orc:1)
18 creatures vanquished.

Vanquished Creatures (others)
  A deep elf archer (Elf:1)
  2 cyclopes (Shoals:2)
  A dream sheep (Shoals:2)
  A raiju (Abyss:3)
  34 fungi
  193 plants
  A tentacle (Shoals:2)
  8 withered plants (D:15)
241 creatures vanquished.

Grand Total: 1728 creatures vanquished

Notes
Turn   | Place    | Note
-------+----------+-------------------------------------------
     0 | D:1      | dickylongcocking the Spriggan Venom Mage began the quest
                  | for the Orb.
     0 | D:1      | Reached XP level 1. HP: 9/9 MP: 5/5
   367 | D:1      | Reached XP level 2. HP: 13/13 MP: 3/6
   796 | D:1      | Upgraded the game from 0.27-a0-323-gbd089401bb to
                  | 0.27-a0-333-gfa571bf19a
   804 | D:1      | Reached XP level 3. HP: 14/16 MP: 4/8
  1164 | D:1      | Learned a level 2 spell: Poisonous Vapours
  1169 | D:1      | Learned a level 3 spell: Ignite Poison
  1478 | D:2      | Reached skill level 2 in Transmutations
  2245 | D:2      | Reached XP level 4. HP: 21/21 MP: 0/11
  2729 | D:2      | Found a sparkling altar of Nemelex Xobeh.
  2915 | D:2      | Reached skill level 3 in Transmutations
  3386 | D:3      | Found a hazy altar of Hepliaklqana.
  3416 | D:3      | Reached XP level 5. HP: 24/24 MP: 9/12
  3840 | D:3      | Learned a level 4 spell: Olgreb's Toxic Radiance
  4130 | D:3      | Reached skill level 5 in Spellcasting
  4818 | D:4      | Reached XP level 6. HP: 28/28 MP: 6/15
  4857 | D:4      | Reached skill level 5 in Poison Magic
  5455 | D:4      | Learned a level 3 spell: Mephitic Cloud
  5922 | D:4      | You fall into a shaft and drop 2 floors!
  5937 | D:6      | Reached XP level 7. HP: 32/32 MP: 5/17
  5975 | D:5      | Entered Level 5 of the Dungeon
  6056 | D:5      | You fall into a shaft and drop 1 floor!
  6649 | D:5      | Found a staircase to the Ecumenical Temple.
  6659 | Temple   | Entered the Ecumenical Temple
  6784 | Temple   | Became a worshipper of Makhleb the Destroyer
  6943 | D:5      | Found an opulent altar of Gozag.
  7299 | D:5      | Reached * piety under Makhleb
  7883 | D:5      | Reached ** piety under Makhleb
  8214 | D:5      | Reached XP level 8. HP: 36/36 MP: 15/21
  8484 | D:5      | Got a dazzling mace
  8484 | D:5      | Identified the +4 mace "Oluest" {vamp, rElec rPois rC+
                  | Int-5} (You found it on level 5 of the Dungeon)
  9833 | D:6      | Got a slimy long sword
  9833 | D:6      | Identified the +8 long sword of the Abyss {vamp, rC+ Dex+3}
                  | (You found it on level 6 of the Dungeon)
 10136 | D:6      | Found a glowing golden altar of the Shining One.
 10366 | D:7      | Reached *** piety under Makhleb
 10661 | D:7      | Found Noll's Assorted Antiques.
 10670 | D:7      | Bought a scroll of identify for 64 gold pieces
 10677 | D:7      | Bought a scroll of teleportation for 96 gold pieces
 10677 | D:7      | Bought a scroll of teleportation for 96 gold pieces
 11099 | D:8      | Reached skill level 1 in Fighting
 11099 | D:8      | Reached XP level 9. HP: 15/41 MP: 2/23
 11556 | D:8      | Found a staircase to the Lair.
 11559 | D:8      | Reached skill level 5 in Dodging
 12066 | D:8      | Identified the +1 robe of Rosiun {SInv}
 12652 | D:8      | Found Oramonn's Assorted Antiques.
 12660 | D:8      | Bought an orange potion for 31 gold pieces
 12660 | D:8      | Bought a scroll of identify for 70 gold pieces
 12956 | D:9      | Found Hivva's Armour Shop.
 12963 | D:9      | Bought a +0 cloak of preservation for 161 gold pieces
 13125 | D:9      | Found a hide-covered altar of Uskayaw.
 13125 | D:9      | Found a shimmering altar of Xom.
 13133 | D:9      | Found a blossoming altar of Fedhas.
 13135 | D:9      | Found a basalt altar of Yredelemnul.
 13136 | D:9      | Found an ornate altar of the Wu Jian Council.
 13315 | D:9      | Reached **** piety under Makhleb
 13820 | D:9      | Reached skill level 5 in Fighting
 13820 | D:9      | Reached XP level 10. HP: 51/51 MP: 16/24
 13993 | D:10     | Entered Level 10 of the Dungeon
 14139 | D:10     | Found Vangaume's Antique Armour Shoppe.
 14313 | D:10     | Noticed an unseen horror
 14318 | D:10     | Killed an unseen horror
 14611 | D:10     | Noticed a two-headed ogre
 14629 | D:10     | Killed a two-headed ogre
 14630 | D:10     | Reached skill level 10 in Dodging
 15188 | D:11     | Noticed a cyclops
 15195 | D:11     | Killed a cyclops
 15523 | D:11     | Noticed a cyclops
 15532 | D:11     | Killed a cyclops
 15844 | D:11     | Noticed an unseen horror
 15855 | D:11     | Killed an unseen horror
 15856 | D:11     | Reached XP level 11. HP: 58/58 MP: 7/25
 16292 | D:12     | Reached ***** piety under Makhleb
 16378 | D:12     | Noticed Erolcha
 16378 | D:12     | Noticed Sonja
 16385 | D:12     | Killed Erolcha
 16385 | D:12     | Killed Sonja
 16409 | D:12     | Reached skill level 5 in Stealth
 16622 | D:12     | Found a staircase to the Orcish Mines.
 16634 | Orc:1    | Entered Level 1 of the Orcish Mines
 16686 | Orc:1    | Found a roughly hewn altar of Beogh.
 16921 | Orc:1    | Reached skill level 1 in Short Blades
 17420 | Orc:2    | Entered Level 2 of the Orcish Mines
 17444 | Orc:2    | Found a roughly hewn altar of Beogh.
 17451 | Orc:2    | Reached skill level 1 in Fire Magic
 17533 | Orc:2    | Noticed a two-headed ogre
 17539 | Orc:2    | Killed a two-headed ogre
 17540 | Orc:2    | Reached skill level 1 in Air Magic
 17570 | Orc:1    | Noticed Harold
 17684 | Orc:1    | Killed Harold
 18148 | Orc:2    | Noticed an ettin
 18163 | Orc:2    | Killed an ettin
 18317 | Orc:2    | Found a burning altar of Makhleb.
 18325 | Orc:2    | Noticed an orc warlord
 18471 | Orc:2    | Reached XP level 12. HP: 65/65 MP: 8/26
 18479 | Orc:2    | Killed an orc warlord
 18604 | Orc:2    | Noticed an ogre mage
 18610 | Orc:2    | Noticed a two-headed ogre
 18612 | Orc:2    | Killed an ogre mage
 18613 | Orc:2    | Noticed a two-headed ogre
 18613 | Orc:2    | Killed a two-headed ogre
 18624 | Orc:2    | Killed a two-headed ogre
 18655 | Orc:2    | Noticed a two-headed ogre
 18670 | Orc:2    | Killed a two-headed ogre
 18671 | Orc:2    | Reached skill level 1 in Evocations
 18699 | Orc:1    | Reached ****** piety under Makhleb
 19124 | Orc:2    | Noticed an orc warlord
 19131 | Orc:2    | Killed an orc warlord
 19132 | Orc:2    | Reached skill level 5 in Short Blades
 19712 | Orc:2    | Found a staircase to the Elven Halls.
 19874 | Orc:2    | Reached skill level 4 in Transmutations
 19946 | Orc:2    | Noticed an orc high priest
 19949 | Orc:2    | Killed an orc high priest
 19950 | Orc:2    | Reached skill level 1 in Invocations
 20533 | Orc:2    | Found a runed translucent door.
 20546 | Orc:2    | Found the +10 tower shield of Ignorance {rN+ Int-4}
 20554 | Orc:2    | Found a runed translucent door.
 20861 | Orc:2    | Noticed an orc high priest
 20861 | Orc:2    | Noticed an orc high priest
 20864 | Orc:2    | Reached skill level 10 in Spellcasting
 20866 | Orc:2    | Killed an orc high priest
 20868 | Orc:2    | Killed an orc high priest
 20869 | Orc:2    | Reached skill level 5 in Transmutations
 20906 | Orc:2    | Reached XP level 13. HP: 70/70 MP: 23/28
 21291 | Orc:2    | Reached skill level 5 in Evocations
 21461 | Orc:2    | Found Bocuo's General Store.
 21464 | Orc:2    | Found Imor's General Store.
 21465 | Orc:2    | Found Xonuimn's Book Emporium.
 21466 | Orc:2    | Found Wurizywo's Armour Emporium.
 21479 | Orc:2    | Bought a book of Transfigurations for 715 gold pieces
 21486 | Orc:2    | Learned a level 6 spell: Statue Form
 21734 | D:12     | Reached skill level 6 in Transmutations
 21734 | D:12     | Reached skill level 1 in Earth Magic
 22450 | Lair:1   | Entered Level 1 of the Lair of Beasts
 22486 | Lair:1   | Noticed Gastronok
 22503 | Lair:1   | Killed Gastronok
 22504 | Lair:1   | Reached skill level 7 in Transmutations
 22652 | Lair:1   | Reached skill level 8 in Transmutations
 23377 | Lair:1   | Reached skill level 9 in Transmutations
 23725 | Lair:2   | Found a hole to the Spider Nest.
 23834 | Lair:2   | You fall into a shaft and drop 1 floor!
 23835 | Lair:3   | Noticed Rupert
 23838 | Lair:3   | Reached skill level 5 in Earth Magic
 23859 | Lair:3   | Killed Rupert
 23860 | Lair:3   | Reached skill level 10 in Transmutations
 25500 | Lair:4   | Reached XP level 14. HP: 75/75 MP: 29/29
 25531 | Lair:4   | Reached skill level 11 in Transmutations
 26058 | Lair:4   | Found a staircase to the Shoals.
 27261 | Lair:5   | Reached skill level 12 in Transmutations
 27444 | Lair:5   | You fall into a shaft and drop 1 floor!
 27444 | Lair:6   | Entered Level 6 of the Lair of Beasts
 28870 | Lair:5   | Identified a scroll of acquirement
 28871 | Lair:5   | Acquired 933 gold pieces
 29017 | Lair:6   | Reached skill level 13 in Transmutations
 29336 | Lair:6   | Found a staircase to the Slime Pits.
 30254 | Orc:2    | Bought a book of Party Tricks for 650 gold pieces
 30260 | Orc:2    | Learned a level 5 spell: Irradiate
 30267 | Orc:2    | Learned a level 6 spell: Invisibility
 30769 | D:13     | Reached skill level 1 in Hexes
 31311 | D:13     | Reached skill level 1 in Conjurations
 31517 | D:13     | Noticed Nessos
 31528 | D:13     | Killed Nessos
 32164 | D:14     | Found a frozen archway.
 32267 | IceCv    | Entered an ice cave
 32455 | IceCv    | Reached XP level 15. HP: 79/79 MP: 22/30
 33079 | IceCv    | Reached skill level 5 in Invocations
 33188 | IceCv    | Noticed a frost giant
 33194 | IceCv    | Killed a frost giant
 33632 | D:14     | Acquired the ring of Vicyex {Str+6 Int+8}
 34198 | D:14     | Found a gate to the Vaults.
 34272 | D:15     | Entered Level 15 of the Dungeon
 34277 | D:15     | Reached skill level 14 in Transmutations
 34507 | D:15     | Reached skill level 5 in Hexes
 34660 | D:15     | Found a staircase to the Depths.
 35168 | D:15     | Found a sacrificial altar of Ru.
 35670 | D:15     | Noticed Josephine
 35678 | D:15     | Killed Josephine
 35958 | D:10     | Bought an embroidered scarf for 216 gold pieces
 36371 | Spider:1 | Entered Level 1 of the Spider Nest
 36379 | Spider:1 | Reached skill level 10 in Earth Magic
 36384 | Spider:1 | Noticed a ghost moth
 36399 | Spider:1 | Killed a ghost moth
 36537 | Spider:1 | Reached skill level 1 in Armour
 36715 | Spider:1 | Reached XP level 16. HP: 65/84 MP: 16/31
 38198 | Spider:2 | You fall into a shaft and drop 1 floor!
 38199 | Spider:3 | Noticed Arachne
 38212 | Spider:3 | Killed Arachne
 38213 | Spider:3 | Reached skill level 15 in Transmutations
 38250 | Spider:2 | Reached skill level 5 in Conjurations
 40558 | Spider:4 | Entered Level 4 of the Spider Nest
 42861 | Spider:4 | Reached XP level 17. HP: 88/88 MP: 22/32
 43131 | Spider:4 | Reached skill level 16 in Transmutations
 43542 | Spider:4 | Got a gossamer rune of Zot
 43791 | Shoals:1 | Entered Level 1 of the Shoals
 44411 | Shoals:1 | Found a runed translucent door.
 44412 | Shoals:1 | Noticed Zonian's ghost (adept DsAK)
 44423 | Shoals:1 | Cast into level 3 of the Abyss (Zonian's ghost)
 44527 | Abyss:3  | Reached skill level 10 in Hexes
 44575 | Abyss:3  | Paralysed by accursed screaming for 2 turns
 44624 | Abyss:3  | Noticed a profane servitor
 44652 | Abyss:3  | Killed a profane servitor
 44702 | Shoals:1 | Escaped the Abyss
 45529 | Shoals:2 | Noticed a kraken
 45537 | Shoals:2 | Killed a kraken
 45538 | Shoals:2 | Reached skill level 10 in Evocations
 45696 | Shoals:2 | Found a white marble altar of Elyvilon.
 45749 | Shoals:2 | Noticed Ilsuiw
 45766 | Shoals:2 | HP: 3/88 [Ilsuiw/shard of ice (33)]
 45785 | Shoals:2 | Killed Ilsuiw
 45786 | Shoals:2 | Reached skill level 10 in Invocations
 46682 | Shoals:2 | Found an ancient bone altar of Kikubaaqudgha.
 46943 | Shoals:3 | Reached skill level 17 in Transmutations
 47256 | Shoals:3 | Noticed Nikola
 47282 | Shoals:3 | Killed Nikola
 47283 | Shoals:3 | Reached XP level 18. HP: 93/93 MP: 2/33
 47310 | Shoals:4 | Entered Level 4 of the Shoals
 47353 | Shoals:3 | Noticed Bai Suzhen
 47369 | Shoals:3 | Killed Bai Suzhen
 48781 | Shoals:4 | Reached skill level 18 in Transmutations
 50236 | Shoals:4 | Got a barnacled rune of Zot
 50239 | Shoals:4 | Learned a level 1 spell: Apportation
 51674 | Shoals:3 | Got a ripped robe
 51684 | Shoals:3 | Identified the +0 robe "Arinot" {Harm rF+ rC- Dex+6} (You
                  | found it on level 3 of the Shoals)
 52048 | Elf:1    | Entered Level 1 of the Elven Halls
 52294 | Elf:1    | Found a shimmering blue altar of Sif Muna.
 52543 | Elf:1    | Identified the +0 leather armour of Liberty {Rampage Int+3
                  | Dex+3 Stlth+}
 52659 | Elf:1    | Identified the Collected Works on Attacks
 53739 | Elf:2    | Found Vuryocec's Assorted Antiques.
 54097 | Elf:2    | Reached XP level 19. HP: 79/96 MP: 28/34
 54175 | Elf:2    | Reached skill level 19 in Transmutations
 54382 | Elf:2    | Found a runed translucent door.
 54643 | Elf:2    | Found a large runed translucent door.
 54643 | Elf:2    | Found a large runed translucent door.
 54700 | Elf:2    | Found a large runed translucent door.
 54700 | Elf:2    | Found a large runed translucent door.
 54866 | Elf:2    | Noticed Azrael
 54875 | Elf:2    | Killed Azrael
 55069 | Elf:2    | Noticed Agnes
 55075 | Elf:2    | Killed Agnes
 55083 | Elf:2    | Noticed Saint Roka
 55322 | Elf:2    | Killed Saint Roka
 55323 | Elf:2    | Reached skill level 15 in Hexes
 55787 | Elf:3    | Entered Level 3 of the Elven Halls
 55793 | Elf:3    | Noticed Asterion
 55801 | Elf:3    | Killed Asterion
 55972 | Elf:3    | Found Zelyssom's Weapon Boutique.
 56146 | Elf:3    | Reached skill level 20 in Transmutations
 56285 | Elf:3    | Reached skill level 10 in Conjurations
 56370 | Elf:3    | Reached skill level 1 in Staves
 56402 | Elf:3    | Got an ichor-stained quarterstaff
 56402 | Elf:3    | Identified the +4 quarterstaff "Opsiuxil" {pain, rElec}
                  | (You found it on level 3 of the Elven Halls)
 56466 | Elf:3    | Got an ominously black robe
 56476 | Elf:3    | Identified the +1 robe of Words of Power {rF++ rCorr SInv}
                  | (You found it on level 3 of the Elven Halls)
 56497 | Elf:3    | Got a steaming turquoise ring
 56521 | Elf:3    | Got a faintly glowing bone ring
 56523 | Elf:3    | Identified the ring of the Present {*Drain rElec rC+ Int+8
                  | SInv} (You found it on level 3 of the Elven Halls)
 56524 | Elf:3    | Identified the ring "Saselus" {*Contam rElec rF++ rN+
                  | Str+4} (You found it on level 3 of the Elven Halls)
 56527 | Elf:3    | Identified the amulet "Viamp" {Faith rElec Slay+3} (You
                  | found it on level 3 of the Elven Halls)
 56585 | Elf:3    | Found the +8 arc blade {discharge, rElec}
 56596 | Elf:3    | Reached XP level 20. HP: 101/101 MP: 2/35
 58226 | Slime:1  | Entered Level 1 of the Pits of Slime
 58833 | Slime:5  | Entered Level 5 of the Pits of Slime
 58964 | Slime:5  | Found a viscous altar of Jiyva.
 58964 | Slime:5  | Noticed the Royal Jelly
 58966 | Slime:5  | Found the +12 Vampire's Tooth {vamp}
 59069 | Slime:4  | Paralysed by a floating eye for 3 turns
 59312 | Slime:4  | Slain by an azure jelly

Illustrated notes

Levels and vault maps discovered:
D:1:      tarquinn_simple_flora_water_e, layout_loops_corners,
          minmay_misc_feat_four_crosses, minmay_misc_feat_hallway,
          minmay_domino_2
D:2:      layout_basic, nemelex_xobeh_ov_fountains_minmay
D:3:      layout_loops_ring, nzn_hepliaklqana_mist_gate
D:4:      layout_gridville
D:5:      minmay_goblin_kobold_castle, layout_loops_ring,
          nicolae_gozag_cash_rules_everything_around_me,
          minmay_temple_entry_crystal_x, kennysheep_generic_room_13
D:6:      layout_rooms, lemuel_coloured_pillars_altar
D:7:      layout_gridville, serial_shops, nicolae_shop_crystal
D:8:      layout_loops_ring, erik_lair_orcish_takeover, serial_shops, shop
D:9:      layout_roguey, chequers_temple_overflow_minitemple, serial_shops, shop
D:10:     layout_basic, serial_shops, nicolae_shop_overgrown_old_shop
D:11:     layout_gridville
D:12:     hangedman_cross_veins, layout_long_grid, david_orc_4, uniq_erolcha,
          uniq_sonja
D:13:     layout_roguey, uniq_nessos
D:14:     layout_cave_pools, david_vaults_4, dk_noncrumbling_3,
          portal_ice_cave_entry_pillars_2
D:15:     gammafunk_depths_entry_grave, layout_basic,
          nicolae_ru_sacrificial_ziggurat, einodemon_armed_red_devil_minivault,
          uniq_josephine
Temple:   nicolae_temple_god_jail
Lair:1:   layout_small_grid, grunt_forest_large_clearing_hut,
          serial_bayou_shore_b, serial_bayou_shore_b, uniq_gastronok
Lair:2:   layout_gridlike, spider_nest_entry_funnel_web
Lair:3:   layout_hall_layers, dpeg_stationary_puzzle, uniq_rupert
Lair:4:   layout_loops_ring, minmay_shoals_entry_lonely_mermaid,
          serial_bayou_pond_b, serial_bayou_shore_b
Lair:5:   layout_layer_cave
Lair:6:   due_jungle_book, layout_misc_corridors, dpeg_slime_entry_corner,
          grunt_megastairs_1
Shoals:1: layout_shoals, ebering_ghost_reflecting_pool
Shoals:2: layout_shoals, hangedman_feature_mirror, uniq_ilsuiw
Shoals:3: layout_shoals, uniq_bai_suzhen, uniq_nikola
Shoals:4: shoals_end_grunt_garden, layout_shoals, shoal_ilsuiw,
          nicolae_shoals_undead_eyrie
Spider:1: layout_spider_delve
Spider:2: layout_spider_delve
Spider:3: layout_spider_delve, uniq_arachne
Spider:4: spider_rune_water, minmay_another_anthill
Slime:1:  layout_caves, cheibrodos_slime_lost_civilization_7
Slime:2:  layout_caves
Slime:3:  layout_caves
Slime:4:  layout_caves, nicolae_slime_welcoming_committee
Slime:5
Orc:1:    layout_diamond_mine, mines2_david, uniq_harold
Orc:2:    st_orc_pillars, layout_diamond_mine, hangedman_feature_mirror,
          chequers_guarded_unrand_ignorance
Elf:1:    eino_elf_arrival_sip, layout_geoelf_diagonals, basic_altar,
          minmay_elf_annihilation
Elf:2:    layout_geoelf_octagon, serial_shops, nicolae_shop_overgrown_old_shop,
          minivault_13, uniq_agnes, uniq_saint_roka, uniq_azrael
Elf:3:    elf_hall_gauntlet_wide, layout_geoelf_diagonals, serial_shops, shop,
          fountainhead, drop_trap, uniq_asterion

Skill      XL: |  1  2  3  4  5  6  7  8  9 10 11 12 13 14 15 16 17 18 19 |
---------------+----------------------------------------------------------+-----
Spellcasting   | 3 4 5 6 8 9 10 | 10.3
Transmutations | 2 3 5 10 13 14 15 17 18 20 | 20.8
Poison Magic   | 4 5 6 8 9 |  9.3
Dodging        | 3 8 11 13 14 | 14.1
Fighting       | 1 5 7 8 9 |  9.5
Stealth        | 6 8 |  8.4
Short Blades   | 3 5 |  5.9
Fire Magic     | 2 3 |  3.5
Air Magic      | 1 3 |  3.0
Evocations     | 4 5 6 7 9 11 12 | 12.0
Invocations    | 2 4 6 8 10 | 10.0
Earth Magic    | 6 9 10 | 10.0
Hexes          | 2 6 9 12 14 16 | 16.4
Conjurations   | 1 4 5 7 8 10 | 10.6
Armour         | 1 3 |  3.0
Staves         | 2 |  2.2

Action                   |  1- 3 |  4- 6 |  7- 9 | 10-12 | 13-15 | 16-18 | 19-21 || total
-------------------------+-------+-------+-------+-------+-------+-------+-------++-------
Melee: Unarmed           |     1 |       |       |       |     5 |       |       ||     6
       Dagger            |     7 |     8 |       |       |       |       |       ||    15
       Short sword       |       |    26 |    15 |       |       |       |       ||    41
       Rapier            |       |       |    26 |   165 |   516 |   259 |   125 ||  1091
       Long sword        |       |       |     3 |       |       |       |       ||     3
       Staff             |       |       |       |       |       |   209 |     4 ||   213
       Lajatang          |       |       |       |       |       |       |   100 ||   100
       Quarterstaff      |       |       |       |       |       |       |     4 ||     4
 Cast: Sting             |    40 |    11 |    32 |    54 |    47 |    18 |     2 ||   204
       Poisonous Vapours |    16 |    42 |    35 |     8 |     9 |    15 |       ||   125
       Ignite Poison     |     4 |    17 |    72 |    89 |   160 |   255 |    36 ||   633
       Olgreb's Toxic Ra |       |    13 |    55 |   109 |   162 |   236 |    47 ||   622
       Mephitic Cloud    |       |     2 |    13 |    12 |    22 |    12 |     1 ||    62
       Statue Form       |       |       |       |       |    39 |    38 |    25 ||   102
       Irradiate         |       |       |       |       |    21 |    56 |    33 ||   110
       Invisibility      |       |       |       |       |       |     3 |     2 ||     5
Invok: Lesser Servant of |       |       |       |       |     1 |     3 |       ||     4
       Greater Servant o |       |       |       |       |       |     6 |     3 ||     9
       Major Destruction |       |       |       |       |       |     2 |       ||     2
 Abil: End Transformatio |       |       |       |       |     1 |       |       ||     1
Evoke: Wand              |       |       |       |    10 |    28 |    66 |     5 ||   109
       Box of beasts     |       |       |       |     1 |     2 |     5 |     1 ||     9
       Lightning rod     |       |       |       |       |       |     4 |       ||     4
       Phantom mirror    |       |       |       |       |       |       |     1 ||     1
  Use: Scroll            |       |     3 |    12 |     3 |    13 |    12 |    14 ||    57
       Potion            |       |       |       |     5 |     1 |    17 |     7 ||    30
 Stab: Sleeping          |     2 |     4 |     3 |     6 |    16 |     8 |     4 ||    43
       Paralysed         |       |       |       |     2 |     5 |     7 |       ||    14
       Confused          |       |       |       |       |     1 |       |       ||     1
       Distracted        |       |       |       |       |       |     2 |       ||     2
       Invisible         |       |       |       |       |       |     2 |     6 ||     8
Armor: Robe              |       |     4 |     9 |    31 |    26 |    15 |     8 ||    93
       Skin              |       |       |       |       |   190 |   342 |   150 ||   682
       Acid dragon scale |       |       |       |       |       |    74 |       ||    74
Dodge: Dodged            |    18 |    43 |   113 |   286 |  1474 |  2241 |   520 ||  4695
Block: Other             |       |       |       |       |   184 |       |       ||   184
       Reflection        |       |       |       |       |     3 |       |       ||     3
       Rpst.: Long sword |       |       |     3 |       |       |       |       ||     3

Table legend: (Time is in decaauts)
 A = Elapsed time spent in this place.
 B = Non-inter-level travel time spent in this place.
 C = Inter-level travel time spent in this place.
 D = Time resting spent in this place.
 E = Time spent auto-exploring this place.
 F = Levels seen in this place.
 G = Mean time per level.
                   A        B        C        D        E       F      G
               +--------+--------+--------+--------+--------+-----+--------+
         Total |  52336 |  49669 |   2667 |  12682 |  28167 |  42 | 1246.1 |
       Dungeon |  18629 |  17514 |   1115 |   3213 |  11866 |  15 | 1241.9 |
        Temple |    104 |     95 |      9 |      0 |     47 |   1 |  104.0 |
          Lair |   6736 |   6213 |    523 |    755 |   4479 |   6 | 1122.7 |
        Shoals |   6947 |   6724 |    223 |   2251 |   3125 |   4 | 1736.8 |
   Spider Nest |   6720 |   6601 |    119 |   2607 |   2963 |   4 | 1680.0 |
    Slime Pits |   1181 |   1181 |      0 |    874 |     18 |   5 |  236.2 |
  Orcish Mines |   4710 |   4358 |    352 |   2167 |   1385 |   2 | 2355.0 |
   Elven Halls |   5747 |   5424 |    323 |    592 |   3503 |   3 | 1915.7 |
         Abyss |    327 |    327 |      0 |     24 |     13 |   1 |  327.0 |
      Ice Cave |   1232 |   1232 |      0 |    196 |    766 |   1 | 1232.0 |
               +--------+--------+--------+--------+--------+-----+--------+

Top non-repeatable levels by time:
Spider:4: 2880 daAuts
   Orc:2: 2390 daAuts
   Orc:1: 2320 daAuts
Shoals:4: 2133 daAuts
   Elf:2: 2096 daAuts
   Elf:3: 1957 daAuts
Shoals:3: 1779 daAuts
   Elf:1: 1693 daAuts
     D:8: 1684 daAuts
     D:5: 1659 daAuts
Shoals:2: 1636 daAuts
Spider:2: 1541 daAuts
Spider:1: 1514 daAuts
  Lair:6: 1455 daAuts
     D:2: 1452 daAuts
